 Dungeon Crawl Stone Soup version 0.30-b1-2-g02819fbbbe (webtiles) character file.

Game seed: 5295805418361187331

4 sanka the Gusty (level 1, 0/14 HPs)
             Began as a Hill Orc Air Elementalist on May 12, 2023.
             Constricted to death by a ball python (1 damage)
             ... on level 2 of the Dungeon.
             The game lasted 00:01:20 (330 turns).

sanka the Gusty (Hill Orc Air Elementalist)          Turns: 330, Time: 00:01:21

Health: 0/14       AC:  2    Str: 10    XL:     1   Next: 70%
Magic:  3/3        EV:  9    Int: 15    God:
Gold:   11         SH:  0    Dex: 11    Spells: 2/3 levels left

rFire   . . .        d - +0 short sword
rCold   . . .        (no shield)
rNeg    . . .        a - +0 robe
rPois   .            (no helmet)
rElec   .            (no cloak)
rCorr   .            (no gloves)
SInv    .            (no boots)
Will    .....        (no amulet)
Stlth   ++           (no ring)
HPRegen 0.22/turn    (no ring)
MPRegen 0.08/turn

%: no passive effects
@: constricted
A: no striking features
a: no special abilities


You were on level 2 of the Dungeon.
You visited 1 branch of the dungeon, and saw 2 of its levels.

You collected 11 gold pieces.

Inventory:

Hand Weapons
 d - a +0 short sword (weapon)
Armour
 a - a +0 robe (worn)
Scrolls
 c - a scroll of identify {unknown}
 e - a scroll of blinking {unknown}
Potions
 b - 2 potions of magic


   Skills:
 - Level 1.5 Dodging
 - Level 1.5 Stealth
 + Level 1.6 Spellcasting
 + Level 1.0 Conjurations
 + Level 2.6 Air Magic


You had 2 spell levels left.
You knew the following spells:

 Your Spells              Type           Power      Damage    Failure   Level
a - Shock                 Conj/Air       24%        1d4       11%         1

Your spell library contained the following spells:

 Spells                   Type           Power      Damage    Failure   Level
 Static Discharge         Conj/Air       12%        2-3/arc   16%         2
 Swiftness                Air            9%         N/A       24%         3
 Airstrike                Air            4%         2d(1-17)  61%         4


Dungeon Overview and Level Annotations

Branches:
Dungeon (1/15)

Altars:


Message History

As you close the large door, it creaks loudly!
You open the door.
A kobold comes into view. It is wielding a +0 dagger.
The kobold moves out of view.
There is an open door here.
The kobold throws a stone.
The stone barely misses you.
The kobold throws a stone.
The stone hits you. The kobold hits you with a +0 dagger.
Casting: Shock (safe; 11% risk of failure)
Confirm with . or Enter, or press ? or * to list all spells.
Aiming: Shock (safe; 11% risk of failure)
Press: ? - help, Shift-Dir - straight line The zap misses the kobold.
The zap hits the kobold.
The kobold is severely wounded.
The kobold barely misses you.
Casting: Shock (safe; 11% risk of failure)
Confirm with . or Enter, or press ? or * to list all spells.
Aiming: Shock (safe; 11% risk of failure)
Press: ? - help, Shift-Dir - straight line The zap hits the kobold.
You kill the kobold!
Unknown command.
You start resting.
HP restored.
You start resting.
Magic restored.
A ball python comes into view.
The ball python hisses angrily.
The ball python bites you. The ball python barely misses you.
You hit the ball python but do no damage.
The ball python bites you. The ball python barely misses you.
The ball python bites you. The ball python grabs you.
The ball python constricts you.
You closely miss the ball python. The ball python bites you.
* * * LOW HITPOINT WARNING * * *
The ball python constricts you.
You closely miss the ball python. The ball python bites you.
* * * LOW HITPOINT WARNING * * *
The ball python constricts you.
You die...

# #......###### ... #
#......#....#.......
#####......#....#.......
+...'...................
+####...................
...###...#..............
....##...#.#............
....##)..#.#....S.......
....#......#....@.......
###+#......#............
...........#............
!..........#####........
...........# ##...##..
......##.... ...# .
...... ...# ....## ....
..... .....


You could see a ball python.

Vanquished Creatures
  A goblin (D:1)
  2 kobolds
  A bat (D:1)
4 creatures vanquished.

Notes
Turn   | Place    | Note
-------+----------+-------------------------------------------
     0 | D:1      | sanka the Hill Orc Air Elementalist began the quest for the
                  | Orb.
     0 | D:1      | Reached XP level 1. HP: 14/14 MP: 3/3
   270 | D:1      | You fall into a shaft and drop 1 floor!
   330 | D:2      | Constricted to death by a ball python

Illustrated notes

Levels and vault maps discovered:
D:1:      dpeg_arrival_lava_temple_mockup, layout_basic, serial_corexii_hall,
          corexii_hall_statues_l, corexii_hall_statues_deadend,
          corexii_hall_statues_i, corexii_hall_statues_x
D:2:      layout_basic, grunt_ministairs_14

Action                     || total
---------------------------++-------
  Melee: Unarmed           ||    44
         Short sword       ||     3
   Cast: Shock             ||     6
 Armour: Robe              ||    25
  Dodge: Dodged            ||    52
